 Dungeon Sprint DCSS version 0.21-a0-405-gf2af9a1 (webtiles) character file.

982 Kidiri the Fighter (level 8, -16/80 HPs)
             Began as a Hill Orc Monk on Nov 1, 2017.
             Was an Elder of Wu Jian.
             Demolished by a phantasmal warrior (25 damage)
             ... in the Dungeon (Sprint VII: "The Pits").
             The game lasted 00:06:21 (633 turns).

Kidiri the Fighter (Hill Orc Monk)                   Turns: 633, Time: 00:06:22

Health: -16/80     AC: 10    Str: 14    XL:     8   Next: 17%
Magic:  8/8        EV: 13    Int: 10    God:    Wu Jian [****..]
Gold:   0          SH:  0    Dex: 15    Spells: 7/7 levels left

rFire    . . .     SeeInvis .   a - +1 long sword (flame)
rCold    . . .     Gourm    .   (no shield)
rNeg     . . .     Faith    .   q - +3 scale mail
rPois    .         Spirit   .   (no helmet)
rElec    .         Reflect  .   (no cloak)
rCorr    .         Harm     .   (no gloves)
MR       .....     NoTele   +   (no boots)
Stlth    +.........             (no amulet)
HPRegen  0.23/turn              (no ring)
MPRegen  0.11/turn              (no ring)

@: exhausted, vulnerable, slowed, glowing, heavenly storm, very slow
A: no striking features
a: Serpent's Lash, Renounce Religion


You were in the Dungeon.
You worshipped Wu Jian.
Wu Jian was greatly pleased with you.
You were not hungry.

You visited 1 branch

Inventory:

Hand Weapons
 a - a +1 long sword of flaming (weapon)
Armour
 q - a +3 scale mail (worn)
Scrolls
 i - a scroll of blinking
 k - 3 scrolls of remove curse
 l - 5 scrolls of amnesia
 m - a scroll of summoning
Potions
 d - 6 potions of curing
 e - 4 potions of heal wounds
 f - a potion of haste
 g - 4 potions of magic
 h - 2 potions of berserk rage
 j - 2 potions of invisibility
Comestibles
 c - 8 bread rations
 n - 40 fruits
 o - 7 meat rations
 p - 5 chunks of flesh


   Skills:
 * Level 10.4 Fighting
 * Level 9.6 Long Blades
 + Level 6.3 Armour
 * Level 7.3 Dodging
 * Level 7.7 Stealth


You had 7 spell levels left.
You didn't know any spells.

Dungeon Overview and Level Annotations

Branches:
Dungeon (1/1)

Altars:
Ashenzari
Cheibriados
Dithmenos
Elyvilon
Fedhas
Gozag
Hepliaklqana
Kikubaaqudgha
Makhleb
Nemelex Xobeh
Okawaru
Qazlal
Ru
Sif Muna
Trog
Uskayaw
Vehumet
Wu Jian
Xom
Yredelemnul
Zin
The Shining One
Beogh
Jiyva
Lugonu


Message History

You spin and attack the wraith with incredible momentum.
You slash the wraith! You burn the wraith.
The wraith is heavily damaged.
SWOOSH!
Unknown command.
You spin and attack the wraith.
You hit the wraith. You burn the wraith.
The wraith is heavily damaged.
The wraith hits you. The wraith drains your vigour!
You feel yourself slow down.
Unknown command.
You spin and attack the wraith repeatedly.
You slash the wraith! You burn the wraith.
You destroy the wraith!
The Council accepts your kill.
You have reached level 8!
The phantasmal warrior hits you!!
* * * LOW HITPOINT WARNING * * *
Your magical defenses are stripped away!
The phantasmal warrior hits you!!
You die...

#.#........##.......#
#.#........##.......#
#'###########.......#
#..#.#.##..##########
#....)..#.######
##.#.#.##§#§§§§#
#.......#§#§§§§#
##.#.#.##§W§§§§+
#.......#§#@§§§#
##.#.#..+§#§§§§#
###############


You could see a phantasmal warrior.

Vanquished Creatures
  A blink frog (D)
  A wraith (D)
  Duvessa (D)
  2 porcupines (D)
  An ogre (D)
  Dowan (D)
  A hound (D)
  4 orc priests (D)
  2 mummies (D)
  A river rat (D)
  An ufetubus (D)
  An adder skeleton (D)
  An adder zombie (D)
  2 leopard geckos (D)
  5 orcs (D)
  A goblin (D)
  A frilled lizard (D)
  2 kobolds (D)
  A rat (D)
30 creatures vanquished.

Notes
Turn   | Place    | Note
-------+----------+-------------------------------------------
     0 | D        | Kidiri the Hill Orc Monk began the quest for the Orb.
     0 | D        | Reached XP level 1. HP: 19/19 MP: 1/1
    47 | D        | Found a bloodstained altar of Trog.
    47 | D        | Found a deep blue altar of Sif Muna.
    47 | D        | Found a viscous altar of Jiyva.
    47 | D        | Found a hazy altar of Hepliaklqana.
    47 | D        | Found an opulent altar of Gozag.
    48 | D        | Found a glowing golden altar of the Shining One.
    48 | D        | Found a glowing silver altar of Zin.
    48 | D        | Found a basalt altar of Yredelemnul.
    48 | D        | Found a shimmering altar of Xom.
    48 | D        | Found an ornate altar of the Wu Jian Council.
    48 | D        | Found a sacrificial altar of Ru.
    48 | D        | Found a stormy altar of Qazlal.
    48 | D        | Found an iron altar of Okawaru.
    48 | D        | Found a sparkling altar of Nemelex Xobeh.
    48 | D        | Found a burning altar of Makhleb.
    48 | D        | Found a blossoming altar of Fedhas.
    48 | D        | Found a white marble altar of Elyvilon.
    48 | D        | Found a shadowy altar of Dithmenos.
    48 | D        | Found a snail-covered altar of Cheibriados.
    50 | D        | Found a radiant altar of Vehumet.
    50 | D        | Found a corrupted altar of Lugonu.
    50 | D        | Found a roughly hewn altar of Beogh.
    51 | D        | Found a hide-covered altar of Uskayaw.
    51 | D        | Found an ancient bone altar of Kikubaaqudgha.
    51 | D        | Found a shattered altar of Ashenzari.
    65 | D        | Reached skill level 4 in Fighting
    74 | D        | Reached skill level 1 in Armour
    74 | D        | Reached XP level 2. HP: 18/27 MP: 2/2
   186 | D        | Noticed an ogre
   204 | D        | Killed an ogre
   204 | D        | Reached skill level 6 in Fighting
   204 | D        | Reached skill level 5 in Long Blades
   204 | D        | Reached XP level 3. HP: 20/37 MP: 3/3
   204 | D        | Reached XP level 4. HP: 23/44 MP: 4/4
   227 | D        | Became a worshipper of the Wu Jian Council
   227 | D        | Reached * piety under Wu Jian
   227 | D        | Reached ** piety under Wu Jian
   357 | D        | Noticed a porcupine
   375 | D        | Reached XP level 5. HP: 51/51 MP: 5/5
   383 | D        | Killed a porcupine
   383 | D        | Reached *** piety under Wu Jian
   383 | D        | Reached skill level 7 in Fighting
   383 | D        | Reached skill level 5 in Dodging
   383 | D        | Reached skill level 5 in Stealth
   383 | D        | Reached XP level 6. HP: 61/61 MP: 6/6
   388 | D        | Reached skill level 8 in Fighting
   393 | D        | Reached **** piety under Wu Jian
   504 | D        | Noticed a blink frog
   515 | D        | Killed a blink frog
   515 | D        | Reached ***** piety under Wu Jian
   515 | D        | Reached skill level 9 in Fighting
   515 | D        | Reached skill level 5 in Armour
   515 | D        | Reached XP level 7. HP: 51/70 MP: 7/7
   622 | D        | Noticed Duvessa
   622 | D        | Noticed Dowan
   622 | D        | Noticed a phantasmal warrior
   622 | D        | Noticed a wraith
   630 | D        | Killed Duvessa
   630 | D        | Reached skill level 10 in Fighting
   632 | D        | Killed Dowan
   633 | D        | Killed a wraith
   633 | D        | Reached XP level 8. HP: 28/80 MP: 8/8
   633 | D        | Demolished by a phantasmal warrior

Vault maps used:
D:        pitsprint

Skill      XL: |  1  2  3  4  5  6  7 |
---------------+----------------------+-----
Fighting       | 4 6 7 9 10 | 10.4
Stealth        | 2 4 5 6 7 |  7.7
Armour         | 1 3 4 5 6 |  6.3
Long Blades    | 5 6 7 8 9 |  9.6
Dodging        | 4 5 6 7 |  7.3

Action                   |  1- 3 |  4- 6 |  7- 9 || total
-------------------------+-------+-------+-------++-------
Melee: Falchion          |    24 |     3 |       ||    27
       Long sword        |       |    43 |    17 ||    60
Invok: Serpent's Lash    |       |       |     2 ||     2
       Heavenly Storm    |       |       |     1 ||     1
  Use: Potion            |     1 |     2 |       ||     3
 Stab: Sleeping          |     3 |     1 |     2 ||     6
Armor: Robe              |     3 |       |       ||     3
       Scale mail        |       |     9 |       ||     9
Dodge: Dodged            |    13 |    18 |     7 ||    38
       Rpst.: Falchion   |     5 |       |       ||     5
       Long sword        |       |     5 |     3 ||     8

Table legend:
 A = Spawn XP
 B = Non-spawn XP
 C = Spawn XP percentage of total XP
 D = Spawn monster count
 E = Non-spawn monster count
 F = Spawn count percentage of total count
 G = Total turns spent on level
                    A         B        C        D         E        F      G
               +---------+---------+-------+---------+---------+-------+---------
         Total |       0 |    1404 |   0.0 |       0 |      30 |   0.0 |   633
               +---------+---------+-------+---------+---------+-------+---------
             D |       0 |    1404 |   0.0 |       0 |      30 |   0.0 |   633
               +---------+---------+-------+---------+---------+-------+---------
